 Seeded DCSS version 0.30.1-11-g7821555f0a (webtiles) character file.

Game seed: 8617203140785432855 (custom seed)

403 Psyclone the Magician (level 6, -1/32 HPs)
             Began as a Deep Elf Conjurer on Nov 2, 2023.
             Slain by an iguana (6 damage)
             ... on level 4 of the Dungeon.
             The game lasted 00:06:36 (2600 turns).

Psyclone the Magician (Deep Elf Conjurer)           Turns: 2600, Time: 00:06:37

Health: -1/32      AC:  4    Str:  4    XL:     6   Next: 55%
Magic:  5/18       EV: 12    Int: 25    God:
Gold:   985        SH:  0    Dex: 13    Spells: 16/19 levels left

rFire   . . .        l - +0 dagger (speed)
rCold   . . .        (no shield)
rNeg    . . .        a - +0 robe
rPois   .            (no helmet)
rElec   .            (no cloak)
rCorr   .            c - +0 pair of gloves
SInv    .            h - +0 pair of boots
Will    .....        (no amulet)
Stlth   ++           (no ring)
HPRegen 0.25/turn    (no ring)
MPRegen 0.16/turn

%: no passive effects
@: no status effects
A: no striking features
a: no special abilities


You were on level 4 of the Dungeon.
You visited 1 branch of the dungeon, and saw 4 of its levels.

You collected 985 gold pieces.

Inventory:

Hand Weapons
 l - a +0 dagger of speed (weapon)
Armour
 a - a +0 robe (worn)
 c - a +0 pair of gloves (worn)
 h - a +0 pair of boots (worn)
Jewellery
 r - the dreamshard necklace {*Dream Drain}
   (You found it on level 3 of the Dungeon)

   [amulet of nothing]

   *Dream:    It shatters if its wearer takes lethal or near-lethal damage,
   preventing the blow and releasing protective dreams that heal and fight for
   the wearer.
   Drain:     It drains your maximum health when unequipped.
Wands
 k - a wand of flame (7)
Scrolls
 j - a scroll of teleportation {unknown}
 m - a scroll of identify {@r1}
 n - a scroll of butterflies {unknown}
 q - a scroll of silence {unknown}
Potions
 b - a potion of magic
 e - 2 potions of degeneration
 f - 2 potions of flight {unknown}
 g - 2 potions of mutation {unknown}
 i - a potion of curing {unknown}
 o - a potion of lignification {unknown}
 p - a potion of heal wounds {unknown}


   Skills:
 - Level 2.4 Dodging
 - Level 2.4 Stealth
 + Level 7.0 Spellcasting
 + Level 6.9 Conjurations


You had 16 spell levels left.
You knew the following spells:

 Your Spells              Type           Power      Damage    Failure   Level
a - Magic Dart            Conj           100%       1d8       1%          1
b - Searing Ray           Conj           86%        2d7       1%          2

Your spell library contained the following spells:

 Spells                   Type           Power      Damage    Failure   Level
 Dazzling Flash           Conj/Hex       52%        N/A       4%          3
 Fulminant Prism          Conj/Hex       13%        3d9       16%         4
 Iskenderun's Mystic Bla  Conj/Tloc      26%        2d7       16%         4


Dungeon Overview and Level Annotations

Branches:
Dungeon (4/15) Zot: 21398
 Temple: D:4-7

Altars:

Shops:
D:1 (


Message History

Aim: an iguana (100% to hit)
The magic dart hits the iguana but does no damage.
The iguana barely misses you.
You now have 8/18 mp.
Casting: Magic Dart (safe; 1% risk of failure)
Confirm with . or Enter, or press ? or * to list all spells.
Aiming: Magic Dart (safe; 1% risk of failure)
Press: ? - help, Shift-Dir - straight line, f/p - iguana
Aim: an iguana (100% to hit)
The magic dart hits the iguana.
The iguana is moderately wounded.
The iguana bites you!
You take 8 damage, and have 13/32 hp.
MASSIVE DAMAGE!!
You now have 7/18 mp.
Casting: Magic Dart (safe; 1% risk of failure)
Confirm with . or Enter, or press ? or * to list all spells.
Aiming: Magic Dart (safe; 1% risk of failure)
Press: ? - help, Shift-Dir - straight line, f/p - iguana
Aim: an iguana (moderately wounded, 100% to hit)
The magic dart hits the iguana.
The iguana is heavily wounded.
The iguana barely misses you.
You now have 6/18 mp.
Casting: Magic Dart (safe; 1% risk of failure)
Confirm with . or Enter, or press ? or * to list all spells.
Aiming: Magic Dart (safe; 1% risk of failure)
Press: ? - help, Shift-Dir - straight line, f/p - iguana
Aim: an iguana (heavily wounded, 100% to hit)
The magic dart hits the iguana.
The iguana is almost dead.
The iguana bites you!
* * * LOW HITPOINT WARNING * * *
Casting: Magic Dart (safe; 1% risk of failure)
Confirm with . or Enter, or press ? or * to list all spells.
Aiming: Magic Dart (safe; 1% risk of failure)
Press: ? - help, Shift-Dir - straight line, f/p - iguana
Aim: an iguana (almost dead, 100% to hit)
The magic dart hits the iguana but does no damage.
The iguana is almost dead.
The iguana bites you.
You die...

### ##+## ..##...##
#.#.....##
####......>.##
.............#
.............+
.##..........#
.......@...>#
###.##.l.?.##
##...## ##'## #.#
#.#### ##....##
##...##.##
#####.)..<##.#####.#


You could see an iguana.

Vanquished Creatures
  Grinder (D:3)
  A phantom (D:4)
  Jessica (D:2)
  Terence (D:2)
  Robin (D:2)
  An adder (D:2)
  2 worms (D:2)
  2 dart slugs
  An orc (D:3)
  8 bats
  4 endoplasms
  2 giant cockroaches (D:1)
  9 goblins
  8 hobgoblins
  5 jackals (D:3)
  4 quokkas
  2 ball pythons
  A frilled lizard (D:1)
  3 kobolds
57 creatures vanquished.

Notes
Turn   | Place    | Note
-------+----------+-------------------------------------------
     0 | D:1      | Psyclone the Deep Elf Conjurer began the quest for the Orb.
     0 | D:1      | Reached XP level 1. HP: 10/10 MP: 6/6
   262 | D:1      | Reached XP level 2. HP: 12/15 MP: 1/8
   698 | D:1      | Learned a level 2 spell: Searing Ray
   742 | D:1      | Found Doiquot's Antique Weapon Shop.
   921 | D:2      | Noticed Jessica
   925 | D:2      | Killed Jessica
   926 | D:2      | Reached skill level 4 in Spellcasting
   926 | D:2      | Reached skill level 5 in Conjurations
   926 | D:2      | Reached XP level 3. HP: 19/19 MP: 4/10
   948 | D:2      | Noticed Robin
  1035 | D:2      | Killed Robin
  1178 | D:2      | Reached XP level 4. HP: 24/24 MP: 6/12
  1358 | D:2      | Noticed Terence
  1365 | D:2      | Killed Terence
  1366 | D:2      | Reached skill level 5 in Spellcasting
  1767 | D:3      | Noticed Grinder
  1768 | D:3      | Paralysed by Grinder for 3 turns
  1915 | D:3      | Killed Grinder
  1916 | D:3      | Reached skill level 6 in Spellcasting
  1916 | D:3      | Reached XP level 5. HP: 28/28 MP: 2/16
  1916 | D:3      | Reached XP level 6. HP: 32/32 MP: 2/17
  2274 | D:3      | Found the dreamshard necklace {*Dream Drain}
  2567 | D:4      | Identified a scroll of acquirement
  2567 | D:4      | Acquired 923 gold pieces
  2596 | D:4      | Reached skill level 7 in Spellcasting
  2600 | D:4      | Slain by an iguana

Illustrated notes

Levels and vault maps discovered:
D:1:      dpeg_arrival_stonehenge_12_columns, layout_basic, serial_shops, shop
D:2:      layout_basic, shapermc_ecumenical_altar_ellora, minivault_25,
          uniq_robin, uniq_terence, uniq_jessica
D:3:      layout_rooms, uniq_grinder
D:4:      layout_loops_corners, mainiacjoe_overflow_paths,
          overflow_temple_1_default

Skill      XL: |  1  2  3  4  5  6 |
---------------+-------------------+-----
Spellcasting   | 4 6 7 |  7.0
Conjurations   | 5 6 |  6.9
Dodging        | |  2.4
Stealth        | |  2.4

Action                     |  1- 3 |  4- 6 || total
---------------------------+-------+-------++-------
   Cast: Magic Dart        |    59 |    72 ||   131
         Searing Ray       |     2 |     4 ||     6
    Use: Scroll            |       |     3 ||     3
 Armour: Robe              |     2 |     4 ||     6
  Dodge: Dodged            |     4 |    16 ||    20
